[Event "45th FIDE Olympiad 2024"]
[Site "Budapest"]
[Date "2024.09.15"]
[Round "5.22"]
[White "Panjwani, Raja"]
[Black "Tabatabaei, M. Amin"]
[Result "0-1"]
[ECO "A17"]
[WhiteElo "2460"]
[BlackElo "2714"]
[Annotator "TA"]
[PlyCount "96"]
[EventDate "2024.09.05"]
[EventType "team-tourn"]
[EventCountry "HUN"]
[SourceTitle "playchess.com"]
[Source "ChessBase"]
[SourceQuality "1"]
[WhiteTeam "Canada"]
[BlackTeam "Iran"]
[WhiteTeamCountry "CAN"]
[BlackTeamCountry "IRI"]
[TimeControl "40/5400+30:1800+30"]

1. Nf3 Nf6 2. c4 e6 3. Nc3 d5 4. e3 Bd6 5. b3 O-O 6. Bb2 Re8 7. Nb5 Be7 8. Be5 {[%emt 0:00:10] The position is equal.} Na6 9. Be2 c6 10. Nc3 Ne4 11. Qc2 f6 12. Bg3 Nb4 13. Qb1 e5 14. cxd5 Nxc3 15. dxc3 {[%emt 0:00:06] aiming for dxc6.} Nxd5 16. O-O (16. Bd3 $11) 16... Nxc3 $17 17. Bc4+ Nd5 ({Better is} 17... Kh8 $17 18. Qc2 Nd5) 18. Bd3 $11 h6 19. Bg6 {[%emt 0:14:33][%cal Of1d1] [#]} Be6 $1 20. e4 (20. Nh4 $5) 20... Nc3 21. Qc2 {[%emt 0:00:30][%cal Og6e8] [#]} Qa5 $1 22. Bxe8 Rxe8 23. Nh4 Rd8 {[%emt 0:03:05][%mdl 1024] Black has compensation.} 24. Rfc1 (24. Kh1 $14) 24... Ba3 $15 25. Re1 (25. Qxc3 $2 Rd1+ 26. Rxd1 Qxc3 $19) 25... Nb5 {[%emt 0:04:06] Black has more active pieces.} 26. Nf3 {[%emt 0:05:43] Inhibits Rd2.} Qc3 27. Qe2 Bg4 $36 {[%emt 0:03:19][%mdl 2048] Black fights for an advantage.} 28. Red1 (28. Qf1 $15) 28... Nd4 $17 29. Qc4+ (29. Qf1 $17 {might work better.}) 29... Qxc4 $19 30. bxc4 g5 (30... Nxf3+ 31. gxf3 Rxd1+ 32. Rxd1 $16) ({Black should play} 30... c5 $19 31. h3 Bxf3 (31... Nxf3+ 32. gxf3 Rxd1+ 33. Rxd1 $14) 32. gxf3 Kf7 (32... Nxf3+ $2 33. Kg2 $17)) 31. Kf1 (31. Rdb1 $17 {was necessary.}) 31... Be6 32. Nd2 (32. Nxd4 $142 exd4 33. Kg1) 32... a5 33. Rab1 {[%emt 0:04:29] [#]} b5 34. cxb5 cxb5 35. f3 {[%emt 0:00:45] [#] White is weak on the light squares} a4 {[%emt 0:02:20] Repels Nb3} (35... Bxa2 $2 {is the wrong capture.} 36. Ra1 Nc2 37. Rxa2 $18) 36. Bf2 b4 {[%emt 0:00:44] White must now prevent ...Nc2.} (36... Bxa2 $2 {loses.} 37. Ra1 $18) 37. Bxd4 Rxd4 38. Ke2 h5 ({Much less strong is} 38... Bxa2 39. Ra1 b3 40. Rxa2 bxa2 41. Ra1 $19) 39. Ra1 $2 (39. Rh1 {was worth a try.}) 39... Bb2 {[%emt 0:00:09][%cal Ob2c3] ...Bc3! is the strong threat. Black is clearly winning.} 40. Rab1 Bc3 41. a3 (41. Rbc1 $142 Bxa2 42. Rc2) 41... bxa3 {[%emt 0:30:25] Hoping for ...a2.} 42. Rb8+ Kg7 {[%emt 0:00:00] And now ...a2 would win.} 43. Rb7+ Kg6 {[%emt 0:00:00] ...a2 would now be deadly.} 44. Rc7 Bxd2 45. Rxd2 Bc4+ 46. Rxc4 Rxc4 47. Rd3 Rc2+ 48. Ke3 a2 {[%emt 0:00:00] Weighted Error Value: White=0.61/Black=0.23 (precise) .  Mistake:       	White=8     	Black=2      Inaccurate:     	White=3     	Black=1      OK:         	White=15    	Black=17     Best:        	White=3     	Black=6} 0-1

[Event "45th FIDE Olympiad 2024"]
[Site "Budapest"]
[Date "2024.09.15"]
[Round "5.22"]
[White "Alshnaiber, Yazeed"]
[Black "Kyaw, Zay Ya"]
[Result "1-0"]
[ECO "B01"]
[WhiteElo "1889"]
[BlackElo "1818"]
[PlyCount "83"]
[EventDate "2024.09.05"]
[EventType "team-tourn"]
[EventCountry "HUN"]
[WhiteTeam "Saudi Arabia"]
[BlackTeam "Myanmar"]
[WhiteTeamCountry "SAU"]
[BlackTeamCountry "MYA"]
[TimeControl "40/5400+30:1800+30"]

1. e4 d5 2. exd5 Qxd5 3. Nc3 Qa5 4. d4 c6 5. Nf3 Bg4 6. h3 Bh5 7. g4 Bg6 8. Ne5 Nf6 9. h4 Nd5 10. Bd2 Nxc3 11. Bxc3 Qd5 12. Rg1 Qe4+ 13. Kd2 Qf4+ 14. Ke1 Qh2 15. Nf3 Qd6 16. Bd3 Nd7 17. h5 Bxd3 18. Qxd3 h6 19. Rd1 f6 20. Qg6+ Kd8 21. Kf1 Kc7 22. Kg2 Rd8 23. Rge1 Nb6 24. Ba5 Kb8 25. Bxb6 axb6 26. c4 Qb4 27. d5 c5 28. b3 b5 29. Qe4 Qa5 30. Nh4 e5 31. dxe6 Be7 32. Nf5 Qc7 33. Rd7 Rxd7 34. exd7 Bd8 35. Qe8 Rh7 36. Qg6 Qf4 37. Qxh7 Qxg4+ 38. Ng3 Qxd7 39. Qf5 Qc6+ 40. Qd5 Qxd5+ 41. cxd5 Kc7 42. Nf5 1-0

[Event "45th FIDE Olympiad 2024"]
[Site "Budapest"]
[Date "2024.09.15"]
[Round "5.23"]
[White "Daneshvar, Bardiya"]
[Black "Thavandiran, Shiyam"]
[Result "1-0"]
[ECO "A20"]
[WhiteElo "2598"]
[BlackElo "2388"]
[Annotator "RC"]
[PlyCount "111"]
[EventDate "2024.09.05"]
[EventType "team-tourn"]
[EventCountry "HUN"]
[SourceTitle "playchess.com"]
[Source "ChessBase"]
[SourceQuality "1"]
[WhiteTeam "Iran"]
[BlackTeam "Canada"]
[WhiteTeamCountry "IRI"]
[BlackTeamCountry "CAN"]
[TimeControl "40/5400+30:1800+30"]

1. g3 e5 2. c4 Nf6 3. Bg2 h6 4. Nf3 e4 5. Nd4 Nc6 6. Nc2 d5 7. cxd5 Qxd5 8. Nc3 Qe5 9. O-O Bf5 10. Ne3 Bg6 11. Qa4 O-O-O 12. d3 Bc5 13. dxe4 Rhe8 14. Nf5 Nxe4 15. Bxe4 Bxf5 16. Bxc6 bxc6 17. Qxc6 g5 18. Qa8+ Kd7 19. Qf3 Kc8 20. Be3 Bxe3 21. fxe3 Be4 22. Nxe4 Qxe4 23. Qxe4 Rxe4 24. Rxf7 Rc4 25. Kf2 Rd2 26. b3 Rcc2 27. Re1 Rxa2 28. Kf3 Kb8 29. e4 Rab2 30. e5 Rxb3+ 31. Ke4 Rb6 32. e3 Rb4+ 33. Kf5 Rb5 34. Re7 a5 35. Rc1 Re2 36. e4 a4 37. Rexc7 Rf2+ 38. Ke6 a3 39. Rc8+ Kb7 40. R1c7+ Kb6 41. Rb8+ Kxc7 42. Rxb5 a2 43. Ra5 Rxh2 44. Ra7+ Kb6 45. Ra8 h5 46. Kf5 Kb7 47. Ra4 h4 48. e6 hxg3 49. e7 Rh8 50. Rxa2 Kc7 51. Kf6 Rh6+ 52. Kg7 Re6 53. Kf7 Rxe4 54. e8=Q Rxe8 55. Kxe8 Kd6 56. Ra5 1-0

[Event "45th FIDE Olympiad 2024"]
[Site "Budapest"]
[Date "2024.09.15"]
[Round "5.23"]
[White "Zaw, Ye Htut"]
[Black "Al Abdali, Zeyad Saleh"]
[Result "1-0"]
[ECO "B47"]
[WhiteElo "1815"]
[BlackElo "1780"]
[PlyCount "83"]
[EventDate "2024.09.05"]
[EventType "team-tourn"]
[EventCountry "HUN"]
[WhiteTeam "Myanmar"]
[BlackTeam "Saudi Arabia"]
[WhiteTeamCountry "MYA"]
[BlackTeamCountry "SAU"]
[TimeControl "40/5400+30:1800+30"]

1. e4 c5 2. Nf3 e6 3. d4 cxd4 4. Nxd4 Nc6 5. Nc3 Qc7 6. a3 a6 7. Be3 b5 8. Be2 Bb7 9. O-O Ne5 10. Kh1 Nc4 11. Bxc4 Qxc4 12. Qd3 Rc8 13. Nb3 Qc7 14. Rfd1 Nf6 15. f3 Be7 16. Bd4 e5 17. Be3 O-O 18. Qe2 Rfd8 19. Qf2 Re8 20. Bb6 Qb8 21. Rd3 b4 22. axb4 Bxb4 23. Bc5 Rxc5 24. Nxc5 Qa7 25. N3a4 Rc8 26. Rb3 a5 27. c3 Rxc5 28. Rxb4 axb4 29. Qxc5 Qa8 30. cxb4 h6 31. b3 d5 32. exd5 Bxd5 33. Rc1 Kh7 34. Nb6 Qa3 35. Nxd5 Nxd5 36. b5 Qxb3 37. Qc2+ Qxc2 38. Rxc2 Kg8 39. Rc6 Ne7 40. Rd6 Nf5 41. Rd8+ Kh7 42. b6 1-0

[Event "45th FIDE Olympiad 2024"]
[Site "Budapest"]
[Date "2024.09.15"]
[Round "5.24"]
[White "Noritsyn, Nikolay"]
[Black "Idani, Pouya"]
[Result "1/2-1/2"]
[ECO "B53"]
[WhiteElo "2451"]
[BlackElo "2599"]
[Annotator "TA"]
[PlyCount "119"]
[EventDate "2024.09.05"]
[EventType "team-tourn"]
[EventCountry "HUN"]
[SourceTitle "playchess.com"]
[Source "ChessBase"]
[SourceQuality "1"]
[WhiteTeam "Canada"]
[BlackTeam "Iran"]
[WhiteTeamCountry "CAN"]
[BlackTeamCountry "IRI"]
[TimeControl "40/5400+30:1800+30"]

1. e4 c5 2. Nf3 d6 3. d4 cxd4 4. Qxd4 Nc6 5. Qd3 g6 6. Nc3 {[%emt 0:00:24] B53: Sicilian: 2...d6: Lines with Qxd4.} Bg7 7. Be2 Bg4 8. O-O Nf6 9. Nd5 O-O 10. c3 Nd7 11. Bg5 h6 12. Bh4 Nc5 13. Qc2 g5 14. Bg3 f5 15. exf5 Bxf5 16. Qd1 e6 {[%emt 0:11:44] [#]} 17. Ne3 $146 ({White must play} 17. Bxd6 $1 $16 g4 (17... Qxd6 $2 {loses.} 18. Nf6+ Bxf6 19. Qxd6 $18) 18. Bxc5 gxf3 19. Bxf3) ({Predecessor:} 17. Bxd6 g4 18. Ne1 Ne4 19. Bxf8 Qxf8 20. Ne3 Rd8 21. Qb3 Nd2 22. Qxb7 Be4 23. Bxg4 {1-0 Midy,R (2174)-Razafindratsima,T (2438) Noisiel op 9th 2024 (2)}) 17... d5 $11 18. Rc1 Ne4 19. Qb3 Qe7 20. Nxf5 Rxf5 21. Bd3 Nc5 (21... Rxf3 $5 22. gxf3 Nd2 $14) 22. Qd1 Nxd3 23. Qxd3 Rd8 24. Rfe1 Qf6 25. Qb5 Qf7 26. Nd2 h5 27. f3 h4 28. Bf2 h3 29. gxh3 d4 30. Qe2 dxc3 ({Better is} 30... Re5 $1 $15 31. Ne4 d3) 31. bxc3 $11 Ne5 32. Bd4 Ng6 33. Qxe6 Nf4 34. Qxf7+ Kxf7 35. Re4 Ra5 36. Rc2 Bxd4+ 37. cxd4 Rxd4 38. Rxd4 ({Don't take} 38. Rc7+ Kf6 39. Rxd4 Ne2+ 40. Kf2 Nxd4 $14) 38... Ne2+ 39. Kf2 Nxd4 40. Rb2 b6 41. Nb3 Nxb3 42. axb3 Rb5 43. Rc2 a5 44. Rc3 Rb4 45. Re3 Kf6 46. Kg2 Kf5 47. Kg3 Kf6 48. Kf2 Kf5 49. Kg3 b5 50. Rc3 Ke6 51. Rc6+ Ke5 52. Ra6 Rxb3 53. Rxa5 Rb4 54. Ra8 Rc4 55. Rg8 Kf6 56. Rf8+ Kg6 57. Rg8+ Kh6 58. Rh8+ Kg7 59. Rb8 b4 60. Rb6 1/2-1/2

[Event "45th FIDE Olympiad 2024"]
[Site "Budapest"]
[Date "2024.09.15"]
[Round "5.24"]
[White "Khayat, Emad"]
[Black "Linn, Phone Myat"]
[Result "0-1"]
[ECO "E16"]
[WhiteElo "1907"]
[BlackElo "1763"]
[PlyCount "110"]
[EventDate "2024.09.05"]
[EventType "team-tourn"]
[EventCountry "HUN"]
[WhiteTeam "Saudi Arabia"]
[BlackTeam "Myanmar"]
[WhiteTeamCountry "SAU"]
[BlackTeamCountry "MYA"]
[TimeControl "40/5400+30:1800+30"]

1. d4 Nf6 2. Nf3 e6 3. c4 Bb4+ 4. Bd2 Qe7 5. g3 b6 6. Bg2 Bb7 7. O-O Bxd2 8. Qxd2 O-O 9. Nc3 d6 10. Qc2 Nbd7 11. e4 e5 12. Nd5 Bxd5 13. cxd5 Rac8 14. Rfe1 Rfe8 15. b4 Qd8 16. Rac1 h6 17. Qa4 a5 18. bxa5 exd4 19. axb6 Nxb6 20. Qxd4 Ra8 21. Rc2 Ra4 22. Qd1 Raxe4 23. Rxe4 Nxe4 24. Bf1 Nc5 25. Bb5 Re4 26. Nd4 Qe7 27. Kg2 Qe5 28. Rd2 Re1 29. Qf3 Qxd5 30. Qxd5 Nxd5 31. Bc6 Nb4 32. a3 Nxc6 33. Nxc6 Kf8 34. Ra2 Ke8 35. a4 Kd7 36. Nb8+ Kc8 37. Nc6 Re4 38. a5 Ra4 39. Rb2 Na6 40. Ne7+ Kd7 41. Nf5 Rxa5 42. g4 h5 43. h3 hxg4 44. hxg4 g6 45. Nh6 Ke6 46. f4 f5 47. Re2+ Kd7 48. g5 Nc5 49. Ng8 Ra4 50. Re7+ Kc6 51. Rg7 Ne6 52. Ne7+ Kb7 53. Rg8 Rxf4 54. Rxg6 Rg4+ 55. Kf3 Nxg5+ {0-} 0-1

[Event "45th FIDE Olympiad 2024"]
[Site "Budapest"]
[Date "2024.09.15"]
[Round "5.25"]
[White "Peralta, Fernando"]
[Black "Caruana, Fabiano"]
[Result "0-1"]
[ECO "E44"]
[WhiteElo "2558"]
[BlackElo "2798"]
[Annotator "TA"]
[PlyCount "60"]
[EventDate "2024.09.05"]
[EventType "team-tourn"]
[EventCountry "HUN"]
[SourceTitle "playchess.com"]
[Source "ChessBase"]
[SourceQuality "1"]
[WhiteTeam "Argentina"]
[BlackTeam "United States of America"]
[WhiteTeamCountry "ARG"]
[TimeControl "40/5400+30:1800+30"]

1. d4 Nf6 2. c4 e6 3. Nc3 Bb4 4. e3 b6 5. Nge2 Ne4 6. Qc2 Bb7 7. h4 O-O 8. a3 Bxc3+ 9. Nxc3 {[%emt 0:00:04] The position is equal.} Nxc3 10. Qxc3 d5 11. b3 Nd7 12. Bb2 f5 13. f3 Qe7 14. O-O-O c5 15. h5 h6 16. Kb1 Rac8 17. dxc5 Rxc5 18. Qd4 e5 19. Qh4 Nf6 20. Qg3 dxc4 21. Bxc4+ Bd5 22. Rc1 Bxc4 23. Rxc4 Rxc4 24. bxc4 Re8 25. Qg6 Qd7 26. Ka1 Nh7 27. Rc1 Nf8 28. Qg3 Qd2 29. c5 (29. f4 $11) 29... bxc5 $17 30. Rxc5 $2 {[%emt 0:00:12][%mdl 8192] [#]} (30. Qe1 $17 Qxg2 31. Qd1) 30... f4 $1 {[%emt 0:01:05] Weighted Error Value: White=0.45/Black=0.03 (flawless) .  Loses game:     	White=1     	---        Mistake:       	White=1     	---        OK:         	White=10    	Black=6      Best:        	---       	Black=1      Strong:       	---       	Black=1} 0-1

[Event "45th FIDE Olympiad 2024"]
[Site "Budapest"]
[Date "2024.09.15"]
[Round "5.25"]
[White "Prudente, Elmer"]
[Black "Njoroge, Martin"]
[Result "0-1"]
[ECO "B67"]
[WhiteElo "1949"]
[BlackElo "1972"]
[PlyCount "128"]
[EventDate "2024.09.05"]
[EventType "team-tourn"]
[EventCountry "HUN"]
[WhiteTeam "Guam"]
[BlackTeam "Kenya"]
[WhiteTeamCountry "GMA"]
[BlackTeamCountry "KEN"]
[TimeControl "40/5400+30:1800+30"]

1. e4 c5 2. Nf3 d6 3. d4 cxd4 4. Nxd4 Nf6 5. Nc3 a6 6. Bg5 e6 7. Qd2 Qc7 8. Bxf6 gxf6 9. O-O-O Bd7 10. f4 Nc6 11. Be2 h5 12. Kb1 O-O-O 13. Bf3 Be7 14. Rhe1 Kb8 15. Nxc6+ Bxc6 16. Qe2 Qa5 17. f5 h4 18. fxe6 fxe6 19. Qc4 Bd7 20. Bg4 Rc8 21. Qb3 Qe5 22. Nd5 Bd8 23. Ne3 Bc7 24. h3 Rhe8 25. Bf3 Bc6 26. a3 Qc5 27. Qb4 Ba5 28. Qxc5 dxc5 29. Rf1 Rcd8 30. c3 Bc7 31. Kc2 Bf4 32. Rfe1 e5 33. Nf5 c4 34. b3 cxb3+ 35. Kxb3 Kc7 36. Ng7 Re7 37. Rxd8 Kxd8 38. Rd1+ Kc7 39. Nf5 Rh7 40. Rd6 Bg5 41. a4 a5 42. Re6 Bd7 43. Re7 Rxe7 44. Nxe7 Be6+ 45. c4 Kd6 46. Nd5 Kc5 47. Kc3 f5 48. Kd3 b6 49. Be2 Bd7 50. Bd1 Bd8 51. Ne3 fxe4+ 52. Kxe4 Kb4 53. Nd5+ Kxc4 54. Kxe5 b5 55. axb5 Bxb5 56. Ne3+ Kd3 57. Nf5 Kd2 58. Bb3 a4 59. Ba2 Bf1 60. Kf4 Kc3 61. Ne3 Bd3 62. Bd5 Bb6 63. Nd1+ Kc2 64. Nf2 Bxf2 {0-} 0-1

[Event "45th FIDE Olympiad 2024"]
[Site "Budapest"]
[Date "2024.09.15"]
[Round "5.26"]
[White "So, Wesley"]
[Black "Krysa, Leandro"]
[Result "1-0"]
[ECO "C90"]
[WhiteElo "2752"]
[BlackElo "2495"]
[Annotator "TA"]
[PlyCount "159"]
[EventDate "2024.09.05"]
[EventType "team-tourn"]
[EventCountry "HUN"]
[SourceTitle "playchess.com"]
[Source "ChessBase"]
[SourceQuality "1"]
[WhiteTeam "United States of America"]
[BlackTeam "Argentina"]
[BlackTeamCountry "ARG"]
[TimeControl "40/5400+30:1800+30"]

1. e4 e5 2. Nf3 Nc6 3. Bb5 a6 4. Ba4 Nf6 5. d3 d6 6. c3 Be7 7. O-O O-O 8. Re1 Re8 9. Nbd2 Bf8 10. Nf1 h6 11. Ng3 b5 12. Bb3 a5 13. d4 a4 14. Bc2 Bg4 15. Bd3 Rb8 16. Qe2 b4 17. Bb5 Bd7 18. d5 Nd4 19. Nxd4 exd4 20. Bxd7 Qxd7 21. cxd4 Nxd5 22. Bd2 Nf6 23. Qf3 Qg4 24. Qxg4 Nxg4 25. f3 Nf6 26. d5 g6 27. Rac1 Nd7 28. Rxc7 Nc5 29. Rd1 Bg7 30. Bf4 Bxb2 31. Bxd6 b3 32. Rxc5 bxa2 33. Bxb8 Bd4+ 34. Kf1 Bxc5 35. Be5 Rxe5 36. Ra1 a3 37. Rxa2 Re8 38. Ke2 Bd6 39. Kd3 Rb8 40. Nf1 f5 41. Nd2 Kg7 42. Kd4 fxe4 43. fxe4 Rb2 44. Rxb2 axb2 45. Kc3 (45. e5 $16 Bc7 46. d6) 45... Bf4 $11 46. Nb1 Bxh2 (46... Be5+ {feels hotter.} 47. Kc2 Bxh2 48. Nd2 h5) 47. Kxb2 h5 48. Nd2 g5 49. Nf3 Bf4 50. Kc3 g4 51. Nh4 Kf6 52. Nf5 $1 Ke5 53. Kd3 Bg5 54. g3 Bd8 55. Ne3 (55. d6 {is interesting.} Bf6 56. d7 Bd8 57. Ke2) 55... Kd6 56. Nf5+ Ke5 57. Ne3 (57. d6 {is more complex.} Bf6 58. d7 Bd8 59. Ke2) 57... Kd6 $1 58. Ng2 Bf6 59. Nf4 h4 60. gxh4 Bxh4 61. Ng2 Bf2 62. Ne3 g3 63. Ke2 Ke5 64. Kf3 Be1 $1 ({And not} 64... Bxe3 65. Kxe3 g2 66. Kf2 g1=R 67. Kxg1 Kf6 68. d6 Ke6 69. e5) 65. Ng4+ Kd4 66. Ne3 Ke5 67. Ng2 Bd2 68. Nh4 Be1 $2 (68... Bg5 $11 69. Ng2 (69. Kxg3 Kxe4 70. Ng6 Kxd5 $11) 69... Be7) 69. Ng6+ Kd6 {[%emt 0:00:39] [#]} 70. Nf4 $1 Bd2 71. Nd3 ({Weaker is} 71. Kxg3 Ke5 $11) 71... Bc3 72. Kxg3 Bd4 73. Kf3 Bg7 74. Ke3 Bf6 75. Kd2 Bd4 76. Kc2 Bg7 77. Kb3 Bf6 78. Kc4 Bg7 79. e5+ Kd7 80. Nc5+ 1-0

[Event "45th FIDE Olympiad 2024"]
[Site "Budapest"]
[Date "2024.09.15"]
[Round "5.26"]
[White "Kanegeni, Matthew Kamau"]
[Black "Mafnas, Peter"]
[Result "1-0"]
[ECO "B14"]
[WhiteElo "1976"]
[BlackElo "1886"]
[PlyCount "107"]
[EventDate "2024.09.05"]
[EventType "team-tourn"]
[EventCountry "HUN"]
[WhiteTeam "Kenya"]
[BlackTeam "Guam"]
[WhiteTeamCountry "KEN"]
[BlackTeamCountry "GMA"]
[TimeControl "40/5400+30:1800+30"]

1. e4 c6 2. d4 d5 3. exd5 cxd5 4. c4 Nf6 5. Nc3 e6 6. c5 Nc6 7. Nf3 Be7 8. Bb5 O-O 9. O-O Nd7 10. Bf4 a6 11. Qa4 Na7 12. Bd3 Nc6 13. Rfe1 Bf6 14. Rad1 g6 15. Bd6 Be7 16. Bxe7 Nxe7 17. b4 Nf6 18. Ne5 Bd7 19. Qc2 Nc6 20. Nxc6 bxc6 21. a4 Qc7 22. g3 Ng4 23. Qe2 f5 24. f3 Nh6 25. Bxa6 Nf7 26. Bd3 Ng5 27. Kg2 Nf7 28. b5 Qa5 29. Qb2 Rfe8 30. bxc6 Bxc6 31. Bb5 Rab8 32. Qd2 Qc7 33. Qf4 Qd7 34. h4 Kg7 35. Rb1 Rbc8 36. Bxc6 Rxc6 37. Rb5 e5 38. dxe5 d4 39. Na2 Rce6 40. Nb4 Nxe5 41. Rxe5 Rxe5 42. c6 Re2+ 43. Kh3 Qe6 44. Qxd4+ Kh6 45. Qf4+ Kg7 46. Rb7+ Kh8 47. Qd4+ Qe5 48. Qxe5+ R2xe5 49. c7 Rc8 50. Nc6 Ree8 51. a5 Ra8 52. Rb8 Rc8 53. Rxa8 Rxa8 54. Nb8 1-0

[Event "45th FIDE Olympiad 2024"]
[Site "Budapest"]
[Date "2024.09.15"]
[Round "5.27"]
[White "Flores, Diego"]
[Black "Dominguez Perez, Leinier"]
[Result "1-0"]
[ECO "D30"]
[WhiteElo "2546"]
[BlackElo "2748"]
[Annotator "TA"]
[PlyCount "69"]
[EventDate "2024.09.05"]
[EventType "team-tourn"]
[EventCountry "HUN"]
[SourceTitle "playchess.com"]
[Source "ChessBase"]
[SourceQuality "1"]
[WhiteTeam "Argentina"]
[BlackTeam "United States of America"]
[WhiteTeamCountry "ARG"]
[TimeControl "40/5400+30:1800+30"]

1. c4 e6 2. Nf3 d5 3. d4 Nf6 4. Bg5 dxc4 5. Qa4+ Nbd7 6. e4 Be7 7. Nc3 c5 8. dxc5 O-O {[%emt 0:00:50] The position is equal.} 9. Qxc4 h6 10. Bh4 b5 11. cxb6 Qxb6 12. Be2 (12. Qb5 $1 $11 Bb4 13. Nd2) 12... Qxb2 (12... Bb7 {simplifies} 13. e5 Nd5 14. Bxe7 Nxe7 15. Qd4 Qxd4 16. Nxd4 Bxg2 17. Rg1 Bb7) 13. O-O {[%emt 0:14:14] Black must now prevent Rab1.} Nb6 14. Qd4 Rd8 {[%emt 0:05:30] [#] Dodges Nd5} (14... Qa3 {simplifies} 15. Nb5 Qa5 16. e5 Nfd5) 15. Nd5 $1 Qxd4 16. Nxe7+ Kf8 17. Nxd4 Rxd4 18. Nxc8 Rxc8 19. f3 Rc2 20. Rf2 g5 21. Bf1 {[%emt 0:04:42] Strongly threatening Bxg5.} Rc5 22. Bg3 Nbd7 $2 ({Black should try} 22... Nh5 $1 $14) 23. Rb2 $18 Rc8 24. Bf2 Ra4 25. Bb5 $36 {[%emt 0:00:11][%mdl 2048] White is really pushing.} Ra3 26. Be1 a5 {[%emt 0:00:16] Prevents Bb4+} 27. Rd1 Ne5 (27... Nb6 $16 {might work better.}) 28. Bg3 Rc5 29. Bf2 Rc8 {[%emt 0:00:47] [#]} (29... Rc7 $142 30. Bb6 Rc8) 30. Bd4 $1 {[%emt 0:01:43] A strong pair of Bishops.} Nfd7 31. Bxd7 Nxd7 32. Rb7 {[%emt 0:00:04] Inhibits Rc7.} Rxa2 33. Rxd7 Rcc2 (33... Kg8 $142 34. Be5 Rac2) 34. Rd8+ Ke7 35. Be5 {[%emt 0:00:06] Weighted Error Value: White=0.10 (very precise) /Black=0.33.  Loses game:     	---       	Black=2      Mistake:       	White=1     	Black=2      Inaccurate:     	White=2     	Black=5      OK:         	White=16    	Black=9      Best:        	White=6     	---        Strong:       	White=1     	---        Brilliant:      	White=1     	---} 1-0

[Event "45th FIDE Olympiad 2024"]
[Site "Budapest"]
[Date "2024.09.15"]
[Round "5.27"]
[White "Combs, Daniel"]
[Black "Wanasunia, Elvis Likoko"]
[Result "0-1"]
[ECO "B40"]
[WhiteElo "1688"]
[BlackElo "1942"]
[PlyCount "54"]
[EventDate "2024.09.05"]
[EventType "team-tourn"]
[EventCountry "HUN"]
[WhiteTeam "Guam"]
[BlackTeam "Kenya"]
[WhiteTeamCountry "GMA"]
[BlackTeamCountry "KEN"]
[TimeControl "40/5400+30:1800+30"]

1. e4 c5 2. Nf3 e6 3. d4 cxd4 4. Nxd4 a6 5. Nc3 Nf6 6. Bc4 Qc7 7. Bb3 Bb4 8. Nde2 Nc6 9. f3 b5 10. Be3 Bb7 11. O-O O-O 12. Qd2 Rad8 13. Rad1 d5 14. Qc1 dxe4 15. Nxe4 Nxe4 16. fxe4 Na5 17. Ng3 Nxb3 18. axb3 Bd6 19. Bf2 Bf4 20. Qb1 h5 21. Nxh5 Bxh2+ 22. Kh1 Qe5 23. Nxg7 Kxg7 24. Bd4 Rxd4 25. Rxd4 Rh8 26. Qd1 Bf4+ 27. Kg1 Be3+ {0-} 0-1

[Event "45th FIDE Olympiad 2024"]
[Site "Budapest"]
[Date "2024.09.15"]
[Round "5.28"]
[White "Aronian, Levon"]
[Black "Sosa, Tomas"]
[Result "1-0"]
[ECO "C56"]
[WhiteElo "2729"]
[BlackElo "2515"]
[Annotator "TA"]
[PlyCount "135"]
[EventDate "2024.09.05"]
[EventType "team-tourn"]
[EventCountry "HUN"]
[SourceTitle "playchess.com"]
[Source "ChessBase"]
[SourceQuality "1"]
[WhiteTeam "United States of America"]
[BlackTeam "Argentina"]
[BlackTeamCountry "ARG"]
[TimeControl "40/5400+30:1800+30"]

1. e4 e5 2. Nf3 Nc6 3. Bc4 d6 4. d4 Nf6 5. dxe5 dxe5 6. Qxd8+ {[%emt 0:00:28] C56: Two Knights: 4 d4 exd4 5 0-0 Nxe4.} Nxd8 7. Nc3 Bd6 8. Bg5 c6 9. a4 $146 ({Predecessor:} 9. O-O-O Bc7 10. Bh4 b5 11. Bb3 Nb7 12. Bg3 Nd7 13. Ne2 Nbc5 14. Ned4 f6 15. Nxc6 Nxb3+ 16. axb3 {1-0 Aronian,L (2782)-Artemiev,V (2699) Meltwater Tour Final rapid 2021 (2.4)}) 9... Ne6 10. O-O-O Bc7 11. Bh4 Nh5 12. Ne2 f6 13. Nd2 Nc5 14. f3 g5 15. Bf2 Nxa4 16. g4 Nf4 17. Nxf4 gxf4 18. Bb3 Nb6 19. Bh4 Rf8 20. g5 fxg5 21. Bxg5 Nd7 22. Nc4 Nc5 23. Nd6+ Bxd6 24. Rxd6 Nxb3+ 25. cxb3 Kf7 26. Rh6 Rg8 27. h4 Rg6 28. Rxh7+ Rg7 29. Rh8 Rg8 {[%emt 0:00:15] [#]} 30. Rxg8 $1 Kxg8 31. Bf6 Be6 {[%emt 0:00:04] [#]} (31... b6 {was necessary.} 32. Rg1+ (32. Bxe5 Ba6 $18) 32... Kh7 33. Rg7+ (33. Bxe5 Ba6 $18) 33... Kh6) 32. Rg1+ $1 $18 Kh7 33. Rg7+ Kh6 34. Rxb7 Rg8 35. Bxe5 Rg1+ 36. Kd2 Rg2+ 37. Ke1 Rc2 (37... a5 $142 38. Bxf4+ Kh5 39. Rh7+ Kg6 40. Rh6+ Kf7) 38. Bxf4+ $18 Kh5 39. Rh7+ Kg6 40. Rh6+ (40. Rxa7 Rxb2 41. Ra5 Rb1+ 42. Kf2 Rh1 43. Rg5+ Kh7 44. Rh5+ Kg7) 40... Kf7 41. Be5 Bxb3 42. h5 Rc5 43. Bd4 Rc2 44. Rf6+ (44. Bxa7 Ba4 45. Bd4 Rh2) 44... Kg8 45. h6 ({But not} 45. Bxa7 Rxb2 46. h6 (46. Rxc6 Ba2 $18) 46... Ra2 $18) 45... Kh7 46. Rd6 (46. Be3 $142 {Black must now prevent Rd6.} Rxb2 47. Rd6 (47. Bxa7 c5 $18) (47. Rxc6 Rc2 $18) 47... Rb1+ 48. Kf2) 46... c5 $2 (46... Bc4 47. Rxc6 Re2+ 48. Kd1 Bb5) 47. Be3 $18 Rh2 48. Rd7+ Kg6 49. Rg7+ Kf6 50. Rxa7 Bc4 51. h7 Bf7 52. Ra6+ Kg7 53. Rh6 Rxh6 54. Bxh6+ Kxh7 55. Be3 c4 56. Kf2 Bh5 57. Kg3 Kg7 58. f4 Kf6 59. Bd4+ Ke6 60. f5+ Kd6 61. Kf4 Bd1 62. Bc3 Bc2 63. e5+ Kd5 64. Kg5 Bd1 65. e6 Kd6 66. Kf6 Bg4 67. Bb4+ Kc6 68. Ke5 1-0

[Event "45th FIDE Olympiad 2024"]
[Site "Budapest"]
[Date "2024.09.15"]
[Round "5.28"]
[White "Mutuge, Ian"]
[Black "Doria, Daniel"]
[Result "1-0"]
[ECO "C78"]
[WhiteElo "1938"]
[BlackElo "1745"]
[PlyCount "83"]
[EventDate "2024.09.05"]
[EventType "team-tourn"]
[EventCountry "HUN"]
[WhiteTeam "Kenya"]
[BlackTeam "Guam"]
[WhiteTeamCountry "KEN"]
[BlackTeamCountry "GMA"]
[TimeControl "40/5400+30:1800+30"]

1. e4 e5 2. Nf3 Nc6 3. Bb5 a6 4. Ba4 Nf6 5. O-O b5 6. Bb3 Bc5 7. c3 d6 8. d4 exd4 9. cxd4 Bb6 10. h3 O-O 11. Nc3 Bb7 12. e5 dxe5 13. dxe5 Nd7 14. e6 Nde5 15. Nxe5 Nxe5 16. Qxd8 Rfxd8 17. Bf4 Nc4 18. exf7+ Kxf7 19. a4 Kf8 20. Bxc4 bxc4 21. a5 Bc5 22. Ra4 Bd6 23. Rxc4 Rd7 24. Rd1 Rad8 25. Bg5 Re8 26. Bf4 Red8 27. Bxd6+ cxd6 28. Nd5 Rf7 29. Nb6 d5 30. Rcd4 Rf5 31. Rc1 Rf6 32. Rc7 Bc6 33. Ra7 Rf7 34. Rxf7+ Kxf7 35. Kf1 Re8 36. Nxd5 Re5 37. Nb4 Bb5+ 38. Kg1 Re2 39. Nd3 Kf6 40. b4 Rc2 41. Nc5 Rc4 42. Rxc4 1-0